Map: Ley Lines

Players

ChromaticFox - Winner!

  • Race: Terran Terran
  • League: Diamond
  • Spawn Location: 1:00

kitune

  • Race: Zerg Zerg
  • Spawn Location: 7:00

VOD

Have the link to the VOD?

Description

Time

  • Played on: May 25, 2025, 7:32 a.m.
  • Length: 5:50
Show
View Real Time Build Order
Export as new Build Order

ChromaticFox Terran - Winner!

Build Orders: Reaper Expand 

Get SALT Encoding   

  12  0:00  SCV  
  13  0:12  SCV  
  14  0:17  Supply Depot  
  14  0:24  SCV  
  15  0:38  SCV  
  15  0:39  Barracks  
  16  0:44  Refinery  
  16  0:50  SCV  
  17  1:03  SCV  
  18  1:15  SCV  
  19  1:28  Reaper  
  19  1:29  Orbital Command  
  20  1:38  Command Center  
  20  1:49  Barracks  
  20  1:54  SCV  
  21  2:01  Supply Depot  
  21  2:03  Barracks Reactor  
  21  2:06  SCV  
  22  2:18  SCV  
  23  2:26  Factory  
  23  2:27  Refinery  
  23  2:30  SCV  
  23  2:40  Marine x2  
  23  2:41  Marine  
  26  2:55  SCV  
  26  2:58  Marine  
  28  3:01  Barracks Tech Lab  
  28  3:03  Orbital Command  
  28  3:07  SCV  
  28  3:12  Starport  
  29  3:13  Factory Reactor  
  29  3:15  Marine  
  29  3:18  Marine  
  31  3:21  SCV  
  31  3:24  Marine  
  33  3:34  SCV  
  33  3:35  SCV  
  33  3:37  Marine x2  
  37  3:44  Stimpack  
  37  3:47  SCV  
  38  3:51  Supply Depot  
  38  3:55  Marine x2  
  38  3:56  Supply Depot  
  38  4:01  SCV x2  
  42  4:12  Medivac x2  
  42  4:13  SCV x2  
  42  4:14  Marine  
  42  4:15  Marine  
  50  4:21  Supply Depot  
  50  4:25  SCV x2  
  50  4:28  Marine  
  53  4:34  Marine x2  
  53  4:37  SCV x2  
  57  4:49  SCV x2  
  59  4:53  Supply Depot  
  59  4:54  Supply Depot  
  58  5:01  SCV  
  58  5:02  Engineering Bay, SCV  
  58  5:03  Engineering Bay, Factory Tech Lab  
  58  5:05  Marine  
  58  5:06  Marine x2  
  63  5:08  Barracks  
  63  5:14  SCV x2  
  65  5:20  Refinery x2  
  65  5:26  SCV x2  
  65  5:28  Marine x3  
  73  5:45  Missile Turret  
  73  5:46  Missile Turret  
Show
View Real Time Build Order
Export as new Build Order

kitune Zerg 

Build Orders: Pool First 

Get SALT Encoding   

  12  0:01  Drone  
  13  0:12  Overlord  
  13  0:17  Drone  
  14  0:31  Drone x2  
  16  0:41  Spawning Pool  
  15  0:45  Drone  
  15  0:49  Drone  
  17  1:10  Hatchery  
  16  1:11  Drone  
  16  1:14  Extractor  
  16  1:28  Zergling x2  
  16  1:29  Zergling x4  
  19  1:34  Queen  
  21  1:40  Drone  
  22  1:50  Overlord  
  22  2:09  Queen  
  24  2:16  Drone x2  
  24  2:19  Metabolic Boost  
  26  2:25  Drone x2  
  28  2:34  Spine Crawler  
  27  2:39  Drone  
  27  2:40  Drone  
  29  2:54  Lair  
  30  3:00  Drone x4  
  30  3:01  Drone  
  35  3:08  Extractor  
  34  3:20  Overlord x2  
  34  3:24  Drone  
  34  3:25  Drone  
  35  3:37  Queen  
  37  3:43  Drone x3  
  37  3:44  Drone  
  37  3:45  Drone  
  37  3:46  Drone x2  
  44  3:57  Spire  
  44  4:00  Drone  
  44  4:05  Overseer  
  44  4:07  Drone x5  
  49  4:11  Extractor  
  49  4:12  Extractor  
  47  4:17  Overseer  
  47  4:26  Drone  
  47  4:27  Drone x3  
  47  4:28  Drone  
  47  4:29  Overlord  
  47  4:30  Overlord  
  51  5:03  Drone x2, Baneling Nest  
  51  5:05  Zergling x4  
  51  5:06  Zergling x4  
  56  5:09  Overlord  
  56  5:10  Mutalisk x4  
  64  5:25  Mutalisk x2  
  68  5:30  Overlord  
  68  5:34  Overseer  
Tags
 
Add a new tag
Caveats
  • Supply blocks, unpowered buildings, or Contaminate may cause inaccurate times.
  • Supply counts are checked every 10 seconds.